 Dungeon Crawl Stone Soup version 0.27.1-33-g824d729ab1 (webtiles) character file.

Game seed: 2474533088756567944

56362 comborobin the Covert (level 14, -13/113 HPs)
             Began as a Gnoll Delver on Dec 28, 2021.
             Was the Champion of Cheibriados.
             Mangled by an orc knight (19 damage)
             ... on level 2 of the Orcish Mines.
             The game lasted 00:38:39 (17753 turns).

comborobin the Covert (Gnoll Delver)               Turns: 17753, Time: 00:38:40

Health: -13/113    AC: 10    Str: 26    XL:     14   Next: 81%
Magic:  24/24      EV: 24    Int: 26    God:    Cheibriados [******]
Gold:   1509       SH: 14    Dex: 33    Spells: 12/32 levels left

rFire    + . .     SeeInvis +   b - +2 scimitar (vamp)
rCold    + . .     Faith    .   L - +0 kite shield
rNeg     . . .     Spirit   .   D - +0 steam dragon scales
rPois    +         Reflect  .   d - +0 helmet {SInv}
rElec    .         Harm     .   O - scarf {rC+ rF+}
rCorr    .         Rampage  .   m - +0 pair of gloves
Will     ++...                  (no boots)
Stlth    ++++++....             w - amulet of regeneration
HPRegen  1.28/turn              c - ring "Qeovyel" {Will+ Slay+5}
MPRegen  0.19/turn              n - ring of poison resistance

@: very slow
A: fangs 1, strong nose, distributed training, low mp 1, MP-powered wands
a: Renounce Religion, Bend Time, Temporal Distortion, Slouch, Step From Time


You were on level 2 of the Orcish Mines.
You worshipped Cheibriados.
Cheibriados was exalted by your worship.
You visited 3 branches of the dungeon, and saw 18 of its levels.
You also visited: Gauntlet.

You collected 2743 gold pieces.
You spent 1234 gold pieces at shops.

Inventory:

Hand Weapons
 a - a +0 scimitar of flaming
 b - a +2 vampiric scimitar (weapon)
 i - a +1 short sword of electrocution
 C - a +0 long sword of flaming
 H - a +4 great sword of protection
Missiles
 I - a throwing net (quivered)
Armour
 d - a +0 helmet of see invisible (worn)
 m - a +0 pair of gloves (worn)
 r - the +1 robe of Dinoyf {rC+ Str+5 Int+6}
   (You bought it in a shop on level 2 of the Orcish Mines)

   Str:       It affects your strength (+5).
   Int:       It affects your intelligence (+6).
   rC:        It protects you from cold.
 D - +0 steam dragon scales (worn)
 K - a +1 leather armour
 L - a +0 kite shield (worn)
 M - a +3 leather armour of willpower
 O - a scarf of resistance (worn)
Jewellery
 c - the ring "Qeovyel" (left hand) {Will+ Slay+5}
   (You found it on level 10 of the Dungeon)

   [ring of willpower]

   Slay:      It affects your accuracy & damage with ranged weapons and melee
   (+5).
   Will:      It increases your willpower.
 j - a +6 ring of dexterity
 n - a ring of poison resistance (right hand)
 s - a +4 ring of evasion
 w - an amulet of regeneration (around neck)
 A - an amulet of guardian spirit
 G - a +6 ring of strength
 N - a ring of magical power
 Q - an amulet of faith
Wands
 f - a wand of digging (4)
 g - a wand of charming (9)
 t - a wand of polymorph (4)
 F - a wand of paralysis (6)
 J - a wand of iceblast (18)
Scrolls
 e - 8 scrolls of identify
 l - 2 scrolls of enchant weapon
 p - a scroll of magic mapping
 q - a scroll of blinking
 u - a scroll of torment
 x - 2 scrolls of amnesia
 y - 3 scrolls of teleportation
 P - a scroll of fog
Potions
 h - a potion of attraction
 k - 3 potions of brilliance
 z - a potion of flight
 B - 3 potions of lignification
 E - a potion of magic


   Skills:
 + Level 11.4 Fighting
 + Level 9.5 Short Blades
 + Level 9.5 Long Blades
 + Level 9.5 Axes
 + Level 9.5 Maces & Flails
 + Level 9.5 Polearms
 + Level 9.5 Staves
 + Level 9.5 Slings
 + Level 9.5 Bows
 + Level 9.5 Crossbows
 + Level 9.5 Throwing
 + Level 9.5 Armour
 + Level 10.5 Dodging
 + Level 13.0 Stealth
 + Level 9.5 Shields
 + Level 10.5 Unarmed Combat
 + Level 9.5 Spellcasting
 + Level 8.0 Conjurations
 + Level 8.0 Hexes
 + Level 8.0 Summonings
 + Level 8.0 Necromancy
 + Level 8.0 Translocations
 + Level 8.0 Transmutations
 + Level 8.0 Fire Magic
 + Level 8.0 Ice Magic
 + Level 8.0 Air Magic
 + Level 8.0 Earth Magic
 + Level 8.0 Poison Magic
 + Level 10.3 Invocations
 + Level 9.5 Evocations


You had 12 spell levels left.
You knew the following spells:

 Your Spells              Type           Power      Damage    Failure   Level
a - Ignite Poison         Fire/Tmut/Pois 52%        N/A       1%          3
b - Storm Form            Tmut/Air       26%        N/A       97%         7
e - Mephitic Cloud        Conj/Pois/Air  52%        N/A       1%          3
C - Borgnjor's Vile Clut  Necr/Erth      26%        N/A       10%         5
S - Wereblood             Tmut           52%        N/A       1%          2

Your spell library contained the following spells:

 Spells                   Type           Power      Damage    Failure   Level
 Beastly Appendage        Tmut           100%       N/A       1%          1
 Sandblast                Erth           100%       2d20      1%          1
 Blink                    Tloc           N/A        N/A       1%          2
 Slow                     Hex            52%        N/A       1%          2
 Confusing Touch          Hex            52%        N/A       1%          3
 Frozen Ramparts          Ice            100%       1d12      1%          3
 Gell's Gravitas          Tloc           26%        N/A       1%          3
 Lesser Beckoning         Tloc           26%        N/A       1%          3
 Spider Form              Tmut/Pois      26%        N/A       1%          3
 Stone Arrow              Conj/Erth      100%       3d13      1%          3
 Summon Guardian Golem    Hex/Summ       52%        N/A       1%          3
 Teleport Other           Tloc           52%        N/A       1%          3
 Animate Armour           Summ/Erth      100%       N/A       3%          4
 Animate Dead             Necr           26%        N/A       3%          4
 Ice Form                 Ice/Tmut       52%        N/A       3%          4
 Summon Ice Beast         Ice/Summ       52%        N/A       3%          4
 Bolt of Magma            Conj/Fire/Erth 26%        4d12      10%         5
 Freezing Cloud           Conj/Ice/Air   26%        6-21      10%         5
 Manifold Assault         Tloc           52%        N/A       10%         5
 Summon Mana Viper        Hex/Summ       52%        N/A       10%         5
 Yara's Violent Unravell  Hex/Tmut       26%        3d11      10%         5
 Death Channel            Necr           26%        N/A       50%         6
 Simulacrum               Ice/Necr       26%        N/A       50%         6
 Monstrous Menagerie      Summ           26%        N/A       97%         7
 Orb of Destruction       Conj           26%        9d10      97%         7
 Spellforged Servitor     Conj/Summ      26%        N/A       97%         7
 Lehudib's Crystal Spear  Conj/Erth      26%        10d7      100%        8
 Polar Vortex             Ice            26%        N/A       100%        9
 Shatter                  Erth           26%        3d22*     100%        9


Dungeon Overview and Level Annotations

Branches:
Dungeon (15/15)            Temple (1/1) D:5            Lair (0/6) D:10
    Orc (2/2) D:11            Elf (0/3) Orc:2        Vaults (0/5) D:14
Gauntlet (visited)
 Depths: D:15

Altars:
Ashenzari
Cheibriados
Dithmenos
Elyvilon
Fedhas
Gozag
Hepliaklqana
Kikubaaqudgha
Makhleb
Nemelex Xobeh
Okawaru
Qazlal
Ru
Sif Muna
Trog
Uskayaw
Vehumet
Wu Jian
Xom
Yredelemnul
Zin
The Shining One
Beogh
Lugonu

Shops:
D:4 [   D:6 [!   Orc:2 [?:

Annotations:
D:12 Jorgrun
D:13 Rupert
D:14 exclusion: freezing wraith


Innate Abilities, Weirdness & Mutations

You have very sharp teeth.
Your uncanny sense of smell can sniff out nearby items.
Your experience applies equally to all skills.
Your magical capacity is low. (-10% MP)
You expend magic power (3 MP) to strengthen your wands.


Message History

You hear a shout! x2
The orc knight hits you with a +0 bardiche!!
You closely miss the orc knight. Your bite misses the orc knight.
The orc knight is heavily wounded.
The orc knight hits you with a +0 bardiche!!
You hit the orc knight.
You feel better.
The orc knight is heavily wounded.
You block the orc knight's attack.
The orc knight roars a battlecry!
The orc knight goes into a battle-frenzy!
You hear a shout!
You hit the orc knight.
You feel better.
You bite the orc knight!
The orc knight is severely wounded.
You block the orc knight's attack.
You hit the orc knight.
You feel better.
You bite the orc knight.
The orc knight is severely wounded.
You block the orc knight's attack.
You hit the orc knight.
You feel better.
You bite the orc knight.
The orc knight is almost dead.
The orc knight closely misses you. The orc knight misses you.
You riposte.
You closely miss the orc knight. You hit the orc knight.
You bite the orc knight, but do no damage.
The orc knight is almost dead.
The orc knight roars a battlecry!
The orc knight goes into a battle-frenzy!
You block the orc knight's attack.
You closely miss the orc knight. Your bite misses the orc knight.
The orc knight is almost dead.
The orc knight hits you with a +0 bardiche!!
The orc knight closely misses you. The orc knight completely misses you.
The orc knight hits you with a +0 bardiche!!
The orc knight hits you with a +0 long sword!!
* * * LOW HITPOINT WARNING * * *
Items here: $ ))) [ †.
The orc knight hits you from afar with a +0 bardiche!!
* * * LOW HITPOINT WARNING * * *
The orc knight hits you from afar with a +0 bardiche!!
You die...

#.###.###.#######..##### #.# #.#
#.#.._..#..#...∩ #
#.###.###.#.....#..#.... ..#.
#.........#.....#..#.... #..#..
#.###.###.###'###.)#....
...###o###.# #.# #..........##'##
...........# #.# #..⌠...⌠....)†))
...###'##..###o###..).).....##)##
...# #...)..o@....)).....#....
#..# #..#######.###)###..#....
...# #..# #.# #)# #..#...∩
...######..#######.###)###..#####
.....................))).........
.................................
...##............###...##)....###
...#..............###..###.#.####
........o........#..........##.##


You could see 2 orc knights.

Vanquished Creatures
  Kirke (D:13)
  An orc warlord (Orc:1)
  A minotaur (Gauntlet)
  Snorg (D:14)
  2 boulder beetles (D:11)
  A hydra (D:13)
  The ghost of Maggioli the Grappler, a journeyman DrEE of Dithmenos (D:12)
  6 centaur warriors
  An ogre mage (D:11)
  5 two-headed ogres
  5 death yaks
  An orc high priest (Orc:2)
  Sonja (Orc:2)
  Nergalle (D:12)
  4 skeletal warriors (D:14)
  A wizard (D:14)
  An iron troll (D:14)
  2 deep elf pyromancers (D:11)
  7 orc knights (Orc:2)
  An orc sorcerer (Orc:1)
  3 manticores
  7 ugly things
  4 cyclopes
  A faun (shapeshifter) (Gauntlet)
  2 elephants (shapeshifter) (Gauntlet)
  A black mamba (shapeshifter) (D:14)
  An eye of devastation (Gauntlet)
  2 gargoyles (D:13)
  An unseen horror (D:12)
  Maggie (D:8)
  2 komodo dragons (D:11)
  An efreet (D:11)
  2 kobold demonologists
  A freezing wraith (D:11)
  A yaktaur (D:11)
  A polar bear (shapeshifter) (D:14)
  A troll (shapeshifter) (Gauntlet)
  8 trolls
  Grinder (D:4)
  A hornet (D:10)
  A raiju (D:10)
  4 slime creatures (D:12)
  A meliai zombie (D:11)
  Sigmund (D:2)
  2 wraiths (D:14)
  2 wyverns (D:9)
  7 yaks
  5 hogs
  2 humans
  2 vampire mosquitoes (D:9)
  2 basilisks
  A vampire (D:10)
  A golden eye (Gauntlet)
  6 wargs
  3 acid dragons
  3 swamp worms (Gauntlet)
  A floating eye (Gauntlet)
  A water moccasin (D:6)
  36 orc warriors
  A swamp drake (D:11)
  A necrophage (D:4)
  A black bear (D:6)
  13 ogres
  6 centaurs
  A phantom (D:4)
  4 kobold brigands
  3 bullfrogs
  4 scorpions
  4 gnoll sergeants
  3 water moccasin skeletons
  4 wights (D:8)
  5 killer bees
  2 howler monkeys
  9 centaur zombies
  A jelly (D:6)
  A hound (D:6)
  12 orc priests
  A gnoll shaman (D:6)
  A bullfrog skeleton (D:5)
  A centaur skeleton (D:7)
  Jessica (D:3)
  5 iguanas
  13 orc wizards
  Natasha (thrice) (D:2)
  A hound skeleton (D:4)
  2 howler monkey zombies
  25 gnolls
  3 adders
  2 ufetubi
  An adder skeleton (D:4)
  2 worms (D:2)
  A dart slug (D:3)
  89 orcs
  4 ball pythons
  5 bats
  11 endoplasms
  A giant cockroach (D:3)
  7 goblins
  6 hobgoblins
  3 quokkas
  5 frilled lizards
  22 kobolds
  5 rats
462 creatures vanquished.

Vanquished Creatures (others)
  An orc knight (Orc:2)
  3 humans (D:14)
  A kobold (D:9)
  3 plants (D:5)
8 creatures vanquished.

Grand Total: 470 creatures vanquished

Notes
Turn   | Place    | Note
-------+----------+-------------------------------------------
     0 | D:5      | Reached skill level 9 in Stealth
     0 | D:5      | comborobin the Gnoll Delver began the quest for the Orb.
     0 | D:5      | Reached XP level 1. HP: 23/23 MP: 1/1
     7 | D:6      | Noticed a kobold brigand
    71 | D:5      | Found an ancient bone altar of Kikubaaqudgha.
    72 | D:5      | Noticed a scorpion
   214 | D:4      | Found Rosal's Armour Boutique.
   220 | D:4      | Noticed a phantom
   226 | D:4      | Killed a phantom
   227 | D:4      | Reached skill level 1 in Short Blades
   227 | D:4      | Reached skill level 1 in Long Blades
   227 | D:4      | Reached skill level 1 in Axes
   227 | D:4      | Reached skill level 1 in Maces & Flails
   227 | D:4      | Reached skill level 1 in Polearms
   227 | D:4      | Reached skill level 1 in Staves
   227 | D:4      | Reached skill level 1 in Slings
   227 | D:4      | Reached skill level 1 in Bows
   227 | D:4      | Reached skill level 1 in Crossbows
   227 | D:4      | Reached skill level 1 in Throwing
   227 | D:4      | Reached skill level 1 in Armour
   227 | D:4      | Reached skill level 1 in Shields
   227 | D:4      | Reached skill level 1 in Spellcasting
   227 | D:4      | Reached skill level 1 in Invocations
   227 | D:4      | Reached skill level 1 in Evocations
   227 | D:4      | Reached XP level 2. HP: 20/29 MP: 1/3
   227 | D:4      | Reached XP level 3. HP: 24/35 MP: 1/4
   227 | D:4      | Reached XP level 4. HP: 28/41 MP: 1/5
   334 | D:4      | Found a basalt altar of Yredelemnul.
   408 | D:4      | Noticed an ogre
   416 | D:4      | Killed an ogre
   417 | D:4      | Reached skill level 1 in Conjurations
   417 | D:4      | Reached skill level 1 in Hexes
   417 | D:4      | Reached skill level 1 in Summonings
   417 | D:4      | Reached skill level 1 in Necromancy
   417 | D:4      | Reached skill level 1 in Translocations
   417 | D:4      | Reached skill level 1 in Transmutations
   417 | D:4      | Reached skill level 1 in Fire Magic
   417 | D:4      | Reached skill level 1 in Ice Magic
   417 | D:4      | Reached skill level 1 in Air Magic
   417 | D:4      | Reached skill level 1 in Earth Magic
   417 | D:4      | Reached skill level 1 in Poison Magic
   417 | D:4      | Reached XP level 5. HP: 47/47 MP: 5/7
   504 | D:4      | Found a burning altar of Makhleb.
   593 | D:4      | Reached XP level 6. HP: 38/53 MP: 8/8
   731 | D:4      | Found a sacrificial altar of Ru.
   738 | D:4      | Reached skill level 5 in Dodging
   738 | D:4      | Reached skill level 5 in Unarmed Combat
   965 | D:4      | Noticed Grinder
   971 | D:4      | Killed Grinder
   972 | D:4      | Reached XP level 7. HP: 49/60 MP: 10/10
  1272 | D:4      | Found a shadowy altar of Dithmenos.
  1706 | D:6      | Found Qasuuw's Distillery.
  2032 | D:6      | Reached skill level 10 in Stealth
  2077 | D:6      | Found Upnaguv's Antique Armour Emporium.
  2171 | D:5      | Reached XP level 8. HP: 67/67 MP: 12/12
  3636 | D:6      | Reached XP level 9. HP: 37/72 MP: 14/14
  4034 | D:5      | Found a staircase to the Ecumenical Temple.
  4078 | Temple   | Entered the Ecumenical Temple
  4136 | Temple   | Became a worshipper of the Shining One
  4906 | D:5      | Found a snail-covered altar of Cheibriados.
  4973 | D:5      | Found an opulent altar of Gozag.
  5021 | D:5      | Fell from the grace of the Shining One
  5021 | D:5      | Became a worshipper of Cheibriados the Contemplative
  5186 | D:5      | Found a stormy altar of Qazlal.
  5727 | D:3      | Found an iron altar of Okawaru.
  5728 | D:3      | Found a hide-covered altar of Uskayaw.
  5729 | D:3      | Found a white marble altar of Elyvilon.
  5729 | D:3      | Found an ornate altar of the Wu Jian Council.
  5766 | D:3      | Noticed Jessica
  5773 | D:3      | Killed Jessica
  5934 | D:2      | Noticed Natasha
  5940 | D:2      | Killed Natasha
  5961 | D:2      | Reached * piety under Cheibriados
  6328 | D:2      | Noticed Sigmund
  6344 | D:2      | Killed Sigmund
  6454 | D:2      | Noticed Natasha
  6458 | D:2      | Killed Natasha
  6554 | D:2      | Noticed Natasha
  6567 | D:2      | Killed Natasha
  6949 | D:1      | Reached ** piety under Cheibriados
  7363 | D:1      | Found a faded altar of an unknown god.
  7621 | D:7      | Reached skill level 5 in Invocations
  7672 | D:7      | Reached *** piety under Cheibriados
  7673 | D:7      | Reached XP level 10. HP: 69/80 MP: 17/17
  7696 | D:7      | Reached skill level 5 in Short Blades
  7696 | D:7      | Reached skill level 5 in Long Blades
  7696 | D:7      | Reached skill level 5 in Axes
  7696 | D:7      | Reached skill level 5 in Maces & Flails
  7696 | D:7      | Reached skill level 5 in Polearms
  7696 | D:7      | Reached skill level 5 in Staves
  7696 | D:7      | Reached skill level 5 in Slings
  7696 | D:7      | Reached skill level 5 in Bows
  7696 | D:7      | Reached skill level 5 in Crossbows
  7696 | D:7      | Reached skill level 5 in Throwing
  7696 | D:7      | Reached skill level 5 in Armour
  7696 | D:7      | Reached skill level 5 in Shields
  7696 | D:7      | Reached skill level 5 in Spellcasting
  7696 | D:7      | Reached skill level 5 in Evocations
  8538 | D:7      | Found a bloodstained altar of Trog.
  9040 | D:8      | Found a glowing silver altar of Zin.
  9230 | D:8      | Reached **** piety under Cheibriados
  9275 | D:8      | Noticed Maggie
  9283 | D:8      | Killed Maggie
  9606 | D:9      | Noticed a two-headed ogre
  9617 | D:9      | Killed a two-headed ogre
  9618 | D:9      | Reached skill level 11 in Stealth
  9680 | D:9      | Found a hazy altar of Hepliaklqana.
  9735 | D:9      | Reached XP level 11. HP: 63/87 MP: 19/19
  9931 | D:9      | Learned a level 3 spell: Mephitic Cloud
  9940 | D:9      | Reached ***** piety under Cheibriados
 10129 | D:10     | Entered Level 10 of the Dungeon
 10141 | D:10     | Noticed a death yak
 10141 | D:10     | Noticed a death yak
 10152 | D:10     | Learned a level 5 spell: Borgnjor's Vile Clutch
 10156 | D:10     | Learned a level 3 spell: Ignite Poison
 10185 | D:9      | Killed a death yak
 10186 | D:9      | Reached skill level 5 in Conjurations
 10186 | D:9      | Reached skill level 5 in Hexes
 10186 | D:9      | Reached skill level 5 in Summonings
 10186 | D:9      | Reached skill level 5 in Necromancy
 10186 | D:9      | Reached skill level 5 in Translocations
 10186 | D:9      | Reached skill level 5 in Transmutations
 10186 | D:9      | Reached skill level 5 in Fire Magic
 10186 | D:9      | Reached skill level 5 in Ice Magic
 10186 | D:9      | Reached skill level 5 in Air Magic
 10186 | D:9      | Reached skill level 5 in Earth Magic
 10186 | D:9      | Reached skill level 5 in Poison Magic
 10213 | D:10     | Noticed a death yak
 10217 | D:10     | Noticed a death yak
 10241 | D:9      | Killed a death yak
 10392 | D:10     | Noticed a two-headed ogre
 10404 | D:10     | Killed a two-headed ogre
 10597 | D:10     | Identified the ring "Qeovyel" {Will+ Slay+5}
 10734 | D:10     | Noticed a death yak
 10739 | D:10     | Killed a death yak
 10748 | D:10     | Killed a death yak
 10770 | D:10     | Killed a death yak
 10840 | D:10     | Found a staircase to the Lair.
 10974 | D:10     | You fall into a shaft and drop 3 floors!
 10986 | D:15     | Entered Level 15 of the Dungeon
 11001 | D:14     | Reached XP level 12. HP: 96/96 MP: 22/22
 11067 | D:14     | Noticed a centaur warrior
 11081 | D:14     | Killed a centaur warrior
 11123 | D:14     | Found an ornate altar of the Wu Jian Council.
 11125 | D:14     | Noticed Snorg
 11131 | D:14     | Killed Snorg
 11153 | D:14     | Found a gate leading to a gauntlet.
 11162 | Gauntlet | Entered a Gauntlet
 11162 | Gauntlet | Found a runed translucent door.
 11162 | Gauntlet | Found a transporter.
 11162 | Gauntlet | Found a runed translucent door.
 11162 | Gauntlet | Found a runed translucent door.
 11162 | Gauntlet | Found a transporter.
 11164 | Gauntlet | Found a transporter.
 11164 | Gauntlet | Found a transporter.
 11166 | Gauntlet | Found a runed translucent door.
 11167 | Gauntlet | Found a transporter.
 11200 | Gauntlet | Found a transporter.
 11200 | Gauntlet | Found a transporter.
 11201 | Gauntlet | Found a transporter.
 11203 | Gauntlet | Noticed an ice dragon
 11210 | Gauntlet | Noticed a satyr
 11212 | Gauntlet | Noticed a fire dragon
 11212 | Gauntlet | a satyr changed into a fire dragon
 11213 | Gauntlet | Found a transporter.
 11213 | Gauntlet | a fire dragon changed into a wolf spider
 11221 | Gauntlet | Noticed a bunyip
 11221 | Gauntlet | a goliath frog changed into a bunyip
 11228 | Gauntlet | Found a transporter.
 11229 | Gauntlet | Noticed an anaconda
 11229 | Gauntlet | a bunyip changed into an anaconda
 11233 | Gauntlet | an anaconda changed into a goliath frog
 11238 | Gauntlet | Found a transporter.
 11240 | Gauntlet | Found the amulet of the Four Winds {rN+ Will+++ Clar}
 11252 | Gauntlet | Found a transporter.
 11272 | Gauntlet | Found a transporter.
 11284 | Gauntlet | Found a transporter.
 11356 | Gauntlet | Noticed an anaconda
 11356 | Gauntlet | a water nymph changed into an anaconda
 11366 | Gauntlet | Noticed a spark wasp
 11368 | Gauntlet | a spark wasp changed into a goliath frog
 11371 | Gauntlet | Noticed a bunyip
 11371 | Gauntlet | a tyrant leech changed into a bunyip
 11394 | Gauntlet | Noticed a two-headed ogre
 11394 | Gauntlet | a manticore changed into a two-headed ogre
 11398 | Gauntlet | a two-headed ogre changed into a merfolk
 11398 | Gauntlet | Noticed an anaconda
 11398 | Gauntlet | a merfolk changed into an anaconda
 11415 | Gauntlet | Identified the +0 helmet "Exkuruaz" {Rampage rN+ Str+3
                  | Slay-2}
 11505 | Gauntlet | Noticed a minotaur
 11512 | Gauntlet | Killed a minotaur
 11598 | D:14     | Found a broken altar of Ashenzari.
 11738 | D:14     | Noticed Kirke
 11765 | D:13     | Noticed a centaur warrior
 11777 | D:13     | Killed a centaur warrior
 11778 | D:13     | Reached skill level 10 in Fighting
 11923 | D:13     | Identified a scroll of acquirement
 11923 | D:13     | Acquired 920 gold pieces
 12198 | D:12     | Reached skill level 12 in Stealth
 12617 | D:11     | Reached XP level 13. HP: 92/103 MP: 24/24
 12798 | D:11     | Found a runed translucent door.
 13148 | D:4      | Bought a +0 kite shield for 45 gold pieces
 13174 | D:4      | Bought a +3 leather armour of willpower for 240 gold pieces
 13720 | D:11     | Got Ywurus's Tome of Execration and the Mountains
 14130 | D:11     | Found a staircase to the Orcish Mines.
 14452 | D:12     | Found a runed translucent door.
 14452 | D:12     | Noticed Maggioli's ghost (journeyman DrEE)
 14495 | D:12     | Killed Maggioli's ghost
 14500 | D:12     | Acquired a +2 vampiric scimitar
 14506 | D:12     | Noticed Nergalle
 14519 | D:12     | Killed Nergalle
 14570 | D:12     | Noticed Jorgrun
 14704 | D:13     | Reached ****** piety under Cheibriados
 15291 | D:13     | Noticed Rupert
 15700 | D:13     | Killed Kirke
 15701 | D:13     | Reached XP level 14. HP: 111/111 MP: 19/26
 15703 | D:13     | Gained mutation: Your magical capacity is low. (-10% MP)
                  | [potion of mutation]
 15703 | D:13     | Gained mutation: You expend magic power (3 MP) to
                  | strengthen your wands. [potion of mutation]
 15785 | D:14     | Reached skill level 10 in Dodging
 15785 | D:14     | Reached skill level 10 in Unarmed Combat
 16192 | D:14     | Found a gate to the Vaults.
 16213 | D:14     | Learned a level 2 spell: Wereblood
 16561 | D:6      | Bought a glowing helmet for 270 gold pieces
 16708 | Orc:1    | Entered Level 1 of the Orcish Mines
 16855 | Orc:1    | Noticed an orc warlord
 16858 | Orc:1    | Killed an orc warlord
 16859 | Orc:1    | Reached skill level 10 in Invocations
 17097 | Orc:2    | Entered Level 2 of the Orcish Mines
 17109 | Orc:2    | Noticed Sonja
 17113 | Orc:2    | Killed Sonja
 17120 | Orc:2    | Found a staircase to the Elven Halls.
 17468 | Orc:2    | Found Riostreud's Book Shoppe.
 17481 | Orc:2    | Bought an Inescapable Atlas for 442 gold pieces
 17489 | Orc:2    | Learned a level 7 spell: Storm Form
 17558 | Orc:2    | Found Ziuvid's Magic Scroll Shop.
 17613 | Orc:2    | Bought a scroll of blinking for 112 gold pieces
 17617 | Orc:2    | Found Wautonun's Antique Armour Emporium.
 17630 | Orc:2    | Reached skill level 13 in Stealth
 17655 | Orc:2    | Bought a dull robe for 125 gold pieces
 17655 | Orc:2    | Identified the +1 robe of Dinoyf {rC+ Str+5 Int+6} (You
                  | bought it in a shop on level 2 of the Orcish Mines)
 17753 | Orc:2    | Mangled by an orc knight

Illustrated notes

Levels and vault maps discovered:
D:1:      onia_arrival_handbag, layout_loops_ring,
          ebering_ecumenical_altar_sacrificial
D:2:      layout_basic, serial_rivers, chequers_serial_rivers_micro_e,
          chequers_serial_rivers_room_a, chequers_serial_rivers_micro_e,
          chequers_serial_rivers_small_b, chequers_serial_rivers_large_a,
          uniq_sigmund, uniq_natasha
D:3:      layout_rooms, mainiacjoe_overflow_alcove_3, uniq_jessica
D:4:      layout_loops_ring, mainiacjoe_overflow_24_doors,
          nicolae_ru_great_annihilating_truth, nicolae_overflow_crystal_walls,
          grunt_dithmenos_smoke, serial_shops, shop, uniq_grinder
D:5:      layout_rooms, general_overflow_altar,
          nicolae_gozag_cash_rules_everything_around_me,
          kiku_gazebo_pond_becter, lemuel_tele_altar,
          minmay_temple_entry_gardened_gates, minmay_holes,
          minmay_fractal_squares_diagonal_5
D:6:      layout_basic, serial_shops, nicolae_shop_waterfront, shop
D:7:      layout_layer_cave, trog_book, grunt_livestock
D:8:      layout_basic, mainiacjoe_overflow_catwalk, uniq_maggie
D:9:      layout_cave_pools, mainiacjoe_overflow_concentric_impassable,
          special_room [special_room_orc], minivault_23, nicolae_water_bricks,
          minmay_misc_feat_tower
D:10:     layout_loops_ring, dpeg_lair_monsters, st_stairs_14,
          minmay_variable_closet
D:11:     minmay_the_grid_triangle_9x9_line_8_mashed
          [minmay_the_grid_triangle_9x9_shrine,
          minmay_the_grid_triangle_9x9_checkered,
          minmay_the_grid_triangle_9x9_subtriangle,
          minmay_the_grid_triangle_9x9_cache,
          minmay_the_grid_triangle_9x9_descending_squares,
          minmay_the_grid_triangle_9x9_from_above,
          minmay_the_grid_triangle_9x9_zippers_vertical,
          minmay_the_grid_triangle_9x9_prize_schism], layout_loops_ring,
          erik_orc_1
D:12:     layout_basic, gammafunk_ghost_grave, uniq_nergalle, uniq_jorgrun
D:13:     layout_layer_cave, uniq_rupert
D:14:     layout_rooms, david_vaults_4, gauntlet_entry_generic,
          nzn_wu_jian_council_hall, nicolae_ashenzari_panopticon, uniq_snorg,
          uniq_kirke
D:15:     grunt_enter_depths_magical_seal, layout_irregular_city,
          serial_bayou_pond_a, trog_ov_bears_minmay
Temple:   corrupted_temple
Orc:1:    layout_caves
Orc:2:    st_orc_town, layout_caves, serial_shops, nicolae_diamond_shop,
          special_room, uniq_sonja

Skill      XL: |  1  2  3  4  5  6  7  8  9 10 11 12 13 14 |
---------------+-------------------------------------------+-----
Stealth        | 10 11 12 13 | 13.0
Short Blades   | 1 2 3 4 5 6 7 8 9 |  9.5
Long Blades    | 1 2 3 4 5 6 7 8 9 |  9.5
Axes           | 1 2 3 4 5 6 7 8 9 |  9.5
Maces & Flails | 1 2 3 4 5 6 7 8 9 |  9.5
Polearms       | 1 2 3 4 5 6 7 8 9 |  9.5
Staves         | 1 2 3 4 5 6 7 8 9 |  9.5
Slings         | 1 2 3 4 5 6 7 8 9 |  9.5
Bows           | 1 2 3 4 5 6 7 8 9 |  9.5
Crossbows      | 1 2 3 4 5 6 7 8 9 |  9.5
Throwing       | 1 2 3 4 5 6 7 8 9 |  9.5
Armour         | 1 2 3 4 5 6 7 8 9 |  9.5
Shields        | 1 2 3 4 5 6 7 8 9 |  9.5
Spellcasting   | 1 2 3 4 5 6 7 8 9 |  9.5
Invocations    | 1 2 3 4 5 6 7 8 9 10 | 10.3
Evocations     | 1 2 3 4 5 6 7 8 9 |  9.5
Conjurations   | 1 2 3 4 5 6 7 8 |  8.0
Hexes          | 1 2 3 4 5 6 7 8 |  8.0
Summonings     | 1 2 3 4 5 6 7 8 |  8.0
Necromancy     | 1 2 3 4 5 6 7 8 |  8.0
Translocations | 1 2 3 4 5 6 7 8 |  8.0
Transmutations | 1 2 3 4 5 6 7 8 |  8.0
Fire Magic     | 1 2 3 4 5 6 7 8 |  8.0
Ice Magic      | 1 2 3 4 5 6 7 8 |  8.0
Air Magic      | 1 2 3 4 5 6 7 8 |  8.0
Earth Magic    | 1 2 3 4 5 6 7 8 |  8.0
Poison Magic   | 1 2 3 4 5 6 7 8 |  8.0
Dodging        | 5 6 7 8 9 10 | 10.5
Unarmed Combat | 5 6 7 8 9 10 | 10.5
Fighting       | 7 8 9 10 11 | 11.4

Action                   |  1- 3 |  4- 6 |  7- 9 | 10-12 | 13-15 || total
-------------------------+-------+-------+-------+-------+-------++-------
Melee: Short sword       |     8 |    56 |   348 |   437 |       ||   849
       Unarmed           |     1 |       |       |    66 |       ||    67
       Bite              |       |     5 |    46 |   109 |   203 ||   363
       Punch             |       |     1 |    15 |    41 |       ||    57
       Scimitar          |       |       |       |       |   540 ||   540
       Great sword       |       |       |       |       |    85 ||    85
Throw: Throwing net      |       |       |       |       |     1 ||     1
 Cast: Mephitic Cloud    |       |       |       |     6 |     6 ||    12
       Borgnjor's Vile C |       |       |       |     4 |       ||     4
Invok: Slouch            |       |       |       |     2 |     3 ||     5
Evoke: Wand              |       |       |     1 |    12 |     1 ||    14
  Use: Potion            |       |       |     9 |     5 |     3 ||    17
       Scroll            |       |       |     3 |    14 |     9 ||    26
 Stab: Sleeping          |     1 |    10 |    30 |    15 |     9 ||    65
       Paralysed         |       |     1 |       |     4 |     2 ||     7
       Distracted        |       |       |       |     2 |     4 ||     6
       Confused          |       |       |       |     6 |     8 ||    14
       Invisible         |       |       |       |       |    22 ||    22
Armor: Leather armour    |     1 |     5 |    49 |     4 |    24 ||    83
       Steam dragon scal |       |       |       |    83 |    84 ||   167
Dodge: Dodged            |     5 |    38 |   335 |   501 |   573 ||  1452
Block: Kite shield       |       |       |       |       |   497 ||   497
       Rpst.: Great sword |       |       |       |       |    37 ||    37
       Scimitar          |       |       |       |       |    99 ||    99
